 Dungeon Crawl Stone Soup version 0.23.2-40-g277498a001 (webtiles) character file.

Game seed: 5970301489232651881

254 Curus the Twirler (level 5, 0/38 HPs)
             Began as a Demonspawn Gladiator on Oct 9, 2019.
             Slain by a worker ant (5 damage)
             ... on level 3 of the Dungeon.
             The game lasted 00:08:49 (3235 turns).

Curus the Twirler (Demonspawn Gladiator)            Turns: 3235, Time: 00:08:50

Health: 0/38       AC:  6    Str: 15      XL:     5   Next: 91%
Magic:  5/5        EV: 12    Int:  9      God:
Gold:   113        SH:  0    Dex: 14 (15) Spells: 4/4 levels left

rFire    + . .     SeeInvis .   a - +0 quarterstaff
rCold    + . .     Gourm    .   (shield currently unavailable)
rNeg     . . .     Faith    .   h - +2 leather armour {rF+}
rPois    .         Spirit   .   c - +0 helmet
rElec    .         Reflect  .   (no cloak)
rCorr    .         Harm     .   (no gloves)
MR       .....                  (no boots)
Stlth    +.........             (no amulet)
HPRegen  0.12/turn              (no ring)
MPRegen  0.09/turn              (no ring)

@: lethally poisoned (0 -> -3)
A: cold resistance 1
a: no special abilities


You were on level 3 of the Dungeon.
You were hungry.

You visited 1 branch of the dungeon, and saw 4 of its levels.

You collected 113 gold pieces.

Inventory:

Hand Weapons
 a - a +0 quarterstaff (weapon)
Missiles
 d - 3 throwing nets (quivered)
Armour
 b - a +0 leather armour
 c - a +0 helmet (worn)
 h - a +2 leather armour of fire resistance (worn)
Scrolls
 e - 5 scrolls of identify
 j - a scroll of remove curse
Potions
 i - a potion of might
Comestibles
 f - 5 rations


   Skills:
 - Level 2.0 Fighting
 + Level 6.1 Staves
 - Level 1.7 Throwing
 - Level 2.6 Dodging


You had 4 spell levels left.
You didn't know any spells.
Your spell library was empty.

Dungeon Overview and Level Annotations

Branches:
Dungeon (4/15)
 Temple: D:4-7

Altars:
Cheibriados

Annotations:
D:4 Eustachio


Innate Abilities, Weirdness & Mutations

Your flesh is cold resistant. (rC+)


Message History

There is a stone staircase leading down here.
You hit the worker ant but do no damage.
The worker ant misses you.
You closely miss the worker ant. The worker ant barely misses you.
You barely miss the worker ant. The worker ant bites you.
* * * LOW HITPOINT WARNING * * *
You are poisoned.
The worker ant poisons you!
You barely miss the worker ant.
You feel sick. The worker ant completely misses you.
The worker ant closely misses you.
You sock the worker ant!
The worker ant is heavily wounded.
You feel sick. The worker ant barely misses you.
You closely miss the worker ant.
The worker ant is heavily wounded.
The worker ant barely misses you.
You thump the worker ant!
The worker ant is almost dead.
You feel sick. The worker ant bites you.
You die...

#......##.........>........####
#######.†.............##..####.#
# ######.....####......###.#
#............##....#.##..#
#..........#.......#.##.##
#..........####....#.#..#
#..........# #.....#....###
##############.##..........
#.....@....##..........
#......a(.....(...<....
#........##[...........
#####........##.#........## ##
#............#..#......[...
#######.############.##........#.
#......# #.##........#. ########
##............. ##...#..........


You could see a worker ant.

Vanquished Creatures
  A centaur (D:4)
  Terence (D:3)
  3 gnolls (D:2)
  5 adders
  An ooze (D:1)
  3 worms
  2 dart slugs
  2 leopard geckos
  An orc (D:3)
  A ball python (D:3)
  4 bats
  4 giant cockroaches
  5 goblins
  8 hobgoblins
  3 jackals (D:3)
  7 kobolds
  A quokka (D:3)
  5 frilled lizards
  10 rats
67 creatures vanquished.

Notes
Turn   | Place    | Note
-------+----------+-------------------------------------------
     0 | D:1      | Curus the Demonspawn Gladiator began the quest for the Orb.
     0 | D:1      | Reached XP level 1. HP: 16/16 MP: 1/1
    55 | D:1      | Reached skill level 3 in Staves
   157 | D:1      | Gained mutation: Your flesh is cold resistant. (rC+)
                  | [demonic ancestry]
   157 | D:1      | Reached XP level 2. HP: 12/22 MP: 2/2
   810 | D:1      | Reached XP level 3. HP: 22/27 MP: 3/3
  1221 | D:2      | Reached skill level 4 in Staves
  1608 | D:2      | Reached XP level 4. HP: 33/33 MP: 4/4
  2570 | D:3      | Reached skill level 5 in Staves
  2669 | D:3      | Reached XP level 5. HP: 25/38 MP: 5/5
  2932 | D:3      | Found a snail-covered altar of Cheibriados.
  2950 | D:3      | Noticed Terence
  2966 | D:3      | Killed Terence
  3212 | D:4      | Noticed Eustachio
  3213 | D:4      | Noticed a centaur
  3220 | D:4      | Killed a centaur
  3220 | D:4      | Reached skill level 6 in Staves
  3235 | D:3      | Slain by a worker ant

Skill      XL: |  1  2  3  4  5 |
---------------+----------------+-----
Staves         | 3 4 5 6 |  6.1
Fighting       | |  2.0
Throwing       | |  1.7
Dodging        | |  2.6

Action                   |  1- 3 |  4- 6 || total
-------------------------+-------+-------++-------
Melee: Quarterstaff      |   147 |    97 ||   244
Throw: Throwing net      |       |     2 ||     2
  Use: Scroll            |     5 |     1 ||     6
       Potion            |     5 |     2 ||     7
 Stab: Held in net/web   |       |     1 ||     1
       Sleeping          |       |     1 ||     1
  Eat: Chunk             |     2 |     5 ||     7
Armor: Leather armour    |    34 |    45 ||    79
Dodge: Dodged            |   102 |    79 ||   181
